 Dungeon Crawl Stone Soup version 0.28-a0-577-gb193047a1f (webtiles) character file.

Game seed: 10453563977744979250

75713 robertstho the Eclecticist (level 15, -10/107 HPs)
             Began as a Djinni Fire Elementalist on Oct 1, 2021.
             Was an Initiate of Gozag.
             Shot with an arrow by a centaur warrior (28 damage)
             ... on level 14 of the Dungeon.
             The game lasted 00:48:41 (19927 turns).

robertstho the Eclecticist (DjFE)                  Turns: 19927, Time: 00:48:42

Health: -10/107    AC:  8    Str:  7    XL:     15   Next: 99%
Gold:   4378       EV: 11    Int: 23    God:    Gozag SH:  0 Dex: 17

rFire   + + .      SeeInvis .   x - +8 whip "Snakebite" {venom, curare, rPois}
rCold   + + .      Faith    .   (no shield)
rNeg    . . .      Spirit   .   j - +0 ring mail of the Buccaneer {rC+++}
rPois   ∞          Reflect  .   i - +0 helmet
rElec   .          Harm     .   (no cloak)
rCorr   .          Rampage  .   b - +1 pair of gloves {Dex+3}
Will    +....                   (boots unavailable)
Stlth   ++++......              o - amulet of regeneration
HPRegen 1.27/turn               y - ring of wizardry
MPRegen 0.00/turn               s - ring of Shadows {Umbra +Inv Stlth+}

@: gold aura, flying, wreathed by umbra
A: sickness immunity, fire resistance 2, cold vulnerability 1, float, innate
caster, hp casting, extra vitality 1
a: Renounce Religion, Evoke Invisibility, Potion Petition, Call Merchant, Bribe
Branch


You were on level 14 of the Dungeon.
You worshipped Gozag.
Gozag was most pleased with you.
You visited 4 branches of the dungeon, and saw 23 of its levels.

You collected 5909 gold pieces.
You spent 1064 gold pieces at shops.
You paid 467 gold pieces to Gozag.

Inventory:

Hand Weapons
 l - a +3 hand axe
 m - a +0 vampiric spear
 x - the +8 whip "Snakebite" (weapon) {venom, curare, rPois}
   (You bought it in a shop on level 8 of the Dungeon)

   It poisons the flesh of those it strikes.
   It occasionally inflicts asphyxiating poison on those it strikes, dealing
   poison damage and causing slowness.
   rPois:     It protects you from poison.
 S - a +2 scimitar of flaming
Armour
 b - a +1 pair of gloves of dexterity (worn)
 i - a +0 helmet (worn)
 j - the +0 ring mail of the Buccaneer (worn) {rC+++}
   (You found it on level 2 of the Lair of Beasts)

   rC:        It renders you almost immune to cold.
 C - a +0 robe of willpower
Jewellery
 o - an amulet of regeneration (around neck)
 s - the ring of Shadows (right hand) {Umbra +Inv Stlth+}
   (You found it on level 11 of the Dungeon)

   [ring of stealth]

   It surrounds you with an aura of shadow, increasing your stealth and reducing
   the accuracy of all within it (including the wearer).
   +Inv:      It lets you turn invisible.
   Stlth:     It makes you more stealthy.
 y - a ring of wizardry (left hand)
 F - a ring of resist corrosion
 H - an amulet of the acrobat
 J - a ring of ice
Wands
 c - a wand of polymorph (33)
 h - a wand of iceblast (9)
 A - a wand of mindburst (23)
 G - a wand of digging (8)
 R - a wand of flame (15)
Scrolls
 d - 8 scrolls of teleportation
 e - 3 scrolls of holy word
 g - 5 scrolls of immolation
 n - 4 scrolls of vulnerability
 u - 4 scrolls of fog
 v - 2 scrolls of enchant armour
 D - a scroll of blinking
 E - 2 scrolls of magic mapping
 M - 2 scrolls of brand weapon
 Q - 2 scrolls of torment
 U - 2 scrolls of enchant weapon
 V - a scroll of fear
 W - a scroll of silence
Potions
 a - 3 potions of mutation
 f - a potion of attraction
 p - 7 potions of lignification
 q - 5 potions of curing
 r - a potion of brilliance {unknown}
 t - 8 potions of heal wounds {unknown}
 w - 3 potions of resistance {unknown}
 z - 3 potions of magic {unknown}
 B - 2 potions of haste
 N - a potion of cancellation {unknown}
 O - a potion of ambrosia {unknown}
 P - a potion of invisibility {unknown}
 T - 2 potions of might {unknown}
Miscellaneous
 I - a lightning rod (4/4)
 L - a box of beasts


   Skills:
 * Level 10.0 Fighting
 + Level 0.7 Maces & Flails
 + Level 1.4 Polearms
 + Level 2.6 Armour
 + Level 4.0 Dodging
 + Level 4.3 Stealth
 * Level 18.8 Spellcasting


You had 12 spell levels left.
You knew the following spells:

 Your Spells              Type           Power      Damage    Failure   Level
a - Foxfire               Conj/Fire      100%       2x1d9     0%          1
b - Scorch                Fire           100%       2d10      0%          2
c - Conjure Flame         Conj/Fire      83%        6-21      0%          3
d - Inner Flame           Hex/Fire       83%        N/A       0%          3
e - Flame Wave            Conj/Fire      83%        3d14      1%          4
f - Summon Small Mammal   Summ           100%       N/A       0%          1
g - Static Discharge      Conj/Air       83%        N/A       0%          2
h - Tukima's Dance        Hex            83%        N/A       0%          3
i - Fulminant Prism       Conj/Hex       41%        3d20      1%          4
j - Borgnjor's Vile Clut  Necr/Erth      41%        N/A       1%          5
k - Lightning Bolt        Conj/Air       41%        1d60      1%          5
l - Eringya's Noxious Bo  Tmut/Pois      41%        N/A       1%          6
Your spell library was empty.

Dungeon Overview and Level Annotations

Branches:
Dungeon (14/15)            Temple (1/1) D:5            Lair (6/6) D:10
 Shoals (0/4) Lair:4       Spider (0/4) Lair:4        Slime (0/5) Lair:5
    Orc (2/2) D:12
    Elf: Orc:2       Vaults: D:13-14

Altars:
Ashenzari
Cheibriados
Dithmenos
Elyvilon
Gozag
Hepliaklqana
Makhleb
Okawaru
Qazlal
Ru
Trog
Uskayaw
Vehumet
Yredelemnul
Zin
Lugonu

Shops:
D:8 *(   D:10 :   D:11 ?

Annotations:
D:2 Natasha
D:3 2 transporters, pokedragonboy's ghost, amateur GrFi
Lair:4 3 runed translucent doors, Dobruq's ghost, journeyman OgTm


Innate Abilities, Weirdness & Mutations

You are immune to sickness and miasma.
You are immune to poison.
Your flesh is very heat resistant. (rF++)
You are vulnerable to cold. (rC-)
You float through the air rather than walking.
You learn spells naturally, not from books.
Your magical power is your life essence.
You have superior vitality. (+4 HP)


Message History

You hear a roar!
A centaur warrior comes into view.
Casting: Lightning Bolt (safe; 1% risk of failure)
Confirm with . or Enter, or press ? or * to list all spells.
Aiming: Borgnjor's Vile Clutch (safe; 1% risk of failure)
Press: ? - help, Shift-Dir - straight line, f - centaur warrior
Aim: a centaur warrior, quivering arrows (100% to hit)
Zombie hands grab the centaur warrior.
The zombie hands constrict the centaur warrior!
The centaur warrior wields a +0 longbow of flaming.
It bursts into flame!
The centaur warrior shoots an arrow.
The arrow hits you!
* * * LOW HITPOINT WARNING * * *
As you read the scroll of fog, it crumbles to dust.
The scroll dissolves into smoke.
The zombie hands lose their grip on something.
The centaur warrior shoots an arrow.
The arrow hits you!
* * * LOW HITPOINT WARNING * * *
The arrow burns you.
* * * LOW HITPOINT WARNING * * *
You feel better.
Casting: Borgnjor's Vile Clutch (safe; 1% risk of failure)
Confirm with . or Enter, or press ? or * to list all spells.
Casting: Eringya's Noxious Bog (mildly dangerous; 1% risk of failure)
Press: ? - help, Dir - look around, f - activate
Okay, then.
Casting: Eringya's Noxious Bog (mildly dangerous; 1% risk of failure)
Confirm with . or Enter, or press ? or * to list all spells.
Aiming: Borgnjor's Vile Clutch (safe; 1% risk of failure)
Press: ? - help, Shift-Dir - straight line, f/p - centaur warrior
Aim: a centaur warrior, wielding a +0 longbow of flaming and quivering arrows (black smoke, lightly wounded, umbra, 100% to hit)
Zombie hands grab the centaur warrior.
* * * LOW HITPOINT WARNING * * *
The zombie hands constrict the centaur warrior.
The centaur warrior shoots an arrow.
The arrow barely misses you.
The zombie hands lose their grip on something.
The centaur warrior shoots an arrow.
The arrow hits you!
* * * LOW HITPOINT WARNING * * *
You feel better.
The centaur warrior shoots an arrow.
The arrow hits you!!
You die...
Your body crumbles into a pile of gold.

#. #....$ ####
#..#....# ....
...#....# ..c
#......##c#
#.#...§§§§§.# #
#.#.#...§§§§§.#
#.#.#.#.#...§§§c§.#
#.#.#.#.#...#§§§#.#
............#@§§#.# $
#.....(......§§§# #
#........##..§§###.
#........#............
#.....................
####..................
#..................
#..................
#.......<..........


You could see a centaur warrior.

Vanquished Creatures
  Snorg (Lair:6)
  A fire dragon (Lair:6)
  Fannar (D:11)
  11 hydras
  An ogre mage (Orc:2)
  A centaur warrior (D:13)
  A catoblepas (D:11)
  2 boulder beetles
  9 two-headed ogres
  A death knight (D:13)
  15 death yaks
  A tengu warrior (D:13)
  A lindwurm (Lair:6)
  An orange crystal statue (D:9)
  An orb spider (shapeshifter) (D:14)
  An oklob plant (Orc:1)
  A cyclops (D:13)
  4 manticores
  19 elephants
  8 black mambas
  3 molten gargoyles (Lair:6)
  9 cane toads
  A gargoyle (D:11)
  4 unseen horrors
  An efreet (D:12)
  3 rime drakes
  7 komodo dragons
  A demonic crawler (Lair:4)
  Psyche (D:8)
  3 tengu conjurers (D:13)
  4 trolls
  2 polar bears
  A merfolk (D:10)
  2 hornets
  8 blink frogs
  Prince Ribbit (D:5)
  6 dream sheep (Lair:6)
  5 slime creatures (D:9)
  2 shadows
  4 wraiths
  A spriggan (Lair:3)
  10 wyverns
  2 vampires
  8 basilisks
  Eustachio (D:5)
  74 yaks
  3 steam dragons
  12 water moccasins
  3 hell hounds (Lair:6)
  An ice beast (D:8)
  3 black bears
  3 orc warriors
  2 sky beasts
  5 ogres
  6 wolves
  6 centaurs
  2 phantoms
  2 kobold brigands (D:11)
  14 bullfrogs
  A wyvern zombie (D:8)
  8 scorpions
  A gnoll sergeant (D:12)
  A water moccasin skeleton (D:4)
  7 wights
  A howler monkey (D:6)
  An electric eel (D:11)
  3 centaur zombies
  8 lava snakes
  A bullfrog zombie (D:6)
  A bullfrog skeleton (D:7)
  A jelly (D:6)
  2 orc priests
  3 hounds
  A centaur skeleton (D:5)
  5 iguanas
  Natasha (twice) (D:2)
  5 orc wizards
  2 killer bee zombies
  A hound zombie (D:4)
  A howler monkey zombie (D:8)
  14 gnolls
  10 adders
  A shadow imp (D:7)
  An adder zombie (D:4)
  An adder skeleton (D:4)
  5 worms
  3 dart slugs
  47 orcs
  11 ball pythons
  7 endoplasms
  4 giant cockroaches
  4 goblins
  4 hobgoblins
  7 quokkas
  A bat (D:1)
  6 frilled lizards
  13 kobolds
  2 rats
  A bush (D:10)
505 creatures vanquished.

Vanquished Creatures (collateral kills)
  24 foxfires
24 creatures vanquished.

Vanquished Creatures (others)
  3 bushes
  938 foxfires
  20 fulminant prisms (D:9)
  30 fungi
  60 plants
1051 creatures vanquished.

Grand Total: 1580 creatures vanquished

Notes
Turn   | Place    | Note
-------+----------+-------------------------------------------
     0 | D:1      | robertstho the Djinni Fire Elementalist began the quest for
                  | the Orb.
     0 | D:1      | Reached XP level 1. HP: 15/15 MP: 0/0
   226 | D:1      | Reached XP level 2. HP: 17/21 MP: 0/0
   780 | D:1      | Reached XP level 3. HP: 22/26 MP: 0/0
   780 | D:1      | Learned a level 1 spell: Summon Small Mammal
   864 | D:1      | Reached skill level 3 in Spellcasting
  1151 | D:1      | Reached skill level 1 in Fighting
  1857 | D:2      | Found a faded altar of an unknown god.
  2037 | D:2      | Reached XP level 4. HP: 23/32 MP: 0/0
  2192 | D:2      | Noticed Natasha
  2198 | D:2      | Killed Natasha
  2346 | D:2      | Noticed Natasha
  2351 | D:2      | Killed Natasha
  2352 | D:2      | Reached XP level 5. HP: 32/37 MP: 0/0
  2352 | D:2      | Learned a level 2 spell: Static Discharge
  2356 | D:2      | Reached skill level 4 in Spellcasting
  2952 | D:2      | Noticed Natasha
  3082 | D:3      | Found a transporter.
  3085 | D:3      | Noticed pokedragonboy's ghost (amateur GrFi)
  3123 | D:3      | Found a transporter.
  3244 | D:3      | Found a bloodstained altar of Trog.
  3413 | D:3      | Reached XP level 6. HP: 22/42 MP: 0/0
  4308 | D:4      | Reached skill level 1 in Polearms
  4308 | D:4      | Reached XP level 7. HP: 48/48 MP: 0/0
  4308 | D:4      | Learned a level 3 spell: Tukima's Dance
  4416 | D:4      | Reached skill level 5 in Spellcasting
  4691 | D:4      | Reached skill level 6 in Spellcasting
  4691 | D:4      | Reached XP level 8. HP: 31/55 MP: 0/0
  4895 | D:4      | Identified a scroll of acquirement
  4899 | D:4      | Acquired a +1 pair of gloves of dexterity
  4934 | D:5      | Entered Level 5 of the Dungeon
  5051 | D:5      | Noticed Eustachio
  5060 | D:5      | Killed Eustachio
  5224 | D:5      | Found a basalt altar of Yredelemnul.
  5409 | D:5      | Found a staircase to the Ecumenical Temple.
  5470 | D:5      | Noticed Prince Ribbit
  5477 | D:5      | Killed Prince Ribbit
  5478 | D:5      | Reached skill level 7 in Spellcasting
  5745 | Temple   | Entered the Ecumenical Temple
  5758 | Temple   | Became a worshipper of Gozag Ym Sagoz the Greedy
  5787 | D:6      | Found a glowing silver altar of Zin.
  5788 | D:6      | Found a broken altar of Ashenzari.
  5790 | D:6      | Found a white marble altar of Elyvilon.
  5790 | D:6      | Found an iron altar of Okawaru.
  5795 | D:6      | Reached XP level 9. HP: 61/61 MP: 0/0
  5795 | D:6      | Learned a level 4 spell: Fulminant Prism
  5913 | D:6      | Reached skill level 8 in Spellcasting
  6684 | D:7      | Noticed a troll
  6688 | D:7      | Killed a troll
  6763 | D:7      | Found a burning altar of Makhleb.
  6832 | D:7      | Reached skill level 9 in Spellcasting
  6894 | D:7      | Reached XP level 10. HP: 68/69 MP: 0/0
  7282 | D:8      | Found Itain's Weapon Shoppe.
  7316 | D:8      | Reached skill level 10 in Spellcasting
  7318 | D:8      | Reached skill level 5 in Fighting
  7371 | D:8      | Found a sacrificial altar of Ru.
  7600 | D:8      | Noticed Psyche
  7607 | D:8      | Killed Psyche
  7847 | D:8      | Found Vojoh's General Store.
  7850 | D:8      | Bought a scroll of identify for 24 gold pieces
  7850 | D:8      | Bought the +8 whip "Snakebite" {venom, curare, rPois} for
                  | 650 gold pieces
  7850 | D:8      | Found the +8 whip "Snakebite" {venom, curare, rPois}
  8299 | D:9      | Noticed an orange crystal statue
  8330 | D:9      | Noticed a two-headed ogre
  8358 | D:9      | Killed an orange crystal statue
  8359 | D:9      | Reached skill level 11 in Spellcasting
  8363 | D:9      | Reached XP level 11. HP: 57/76 MP: 0/0
  8363 | D:9      | Learned a level 5 spell: Borgnjor's Vile Clutch
  8597 | D:9      | Found a snail-covered altar of Cheibriados.
  8813 | D:9      | Found a hazy altar of Hepliaklqana.
  8813 | D:9      | Found a hide-covered altar of Uskayaw.
  8926 | D:10     | Entered Level 10 of the Dungeon
  9041 | D:10     | Noticed a two-headed ogre
  9049 | D:10     | Reached skill level 12 in Spellcasting
  9053 | D:10     | Killed a two-headed ogre
  9110 | D:10     | Found a staircase to the Lair.
  9357 | D:10     | Found a shadowy altar of Dithmenos.
  9537 | D:10     | Found Gecw's Book Shoppe.
  9813 | D:11     | Noticed a catoblepas
  9814 | D:11     | Reached XP level 12. HP: 74/84 MP: 0/0
  9872 | D:11     | Noticed Fannar
  9877 | D:11     | Killed Fannar
  9913 | D:11     | Reached skill level 13 in Spellcasting
 10002 | D:11     | Found Lini Are's Magic Scroll Shop.
 10009 | D:11     | Bought a scroll of immolation for 35 gold pieces
 10009 | D:11     | Bought a scroll of identify for 20 gold pieces
 10009 | D:11     | Bought a scroll of brand weapon for 200 gold pieces
 10009 | D:11     | Bought a scroll of noise for 10 gold pieces
 10009 | D:11     | Bought a scroll of amnesia for 35 gold pieces
 10009 | D:11     | Bought a scroll of fog for 20 gold pieces
 10009 | D:11     | Bought a scroll of identify for 20 gold pieces
 10009 | D:11     | Bought a scroll of teleportation for 30 gold pieces
 10009 | D:11     | Bought a scroll of identify for 20 gold pieces
 10086 | D:11     | Killed a catoblepas
 10118 | D:11     | Found the ring of Shadows {Umbra +Inv Stlth+}
 10153 | D:11     | Noticed a two-headed ogre
 10392 | D:11     | Killed a two-headed ogre
 10751 | D:12     | Noticed a seven-headed hydra
 10757 | D:12     | Killed a seven-headed hydra
 11295 | D:12     | Found a staircase to the Orcish Mines.
 11528 | D:13     | Noticed a tengu warrior
 11537 | D:13     | Noticed a death knight
 11540 | D:13     | Killed a tengu warrior
 11541 | D:13     | Reached skill level 14 in Spellcasting
 11659 | D:13     | Noticed a two-headed ogre
 11664 | D:13     | Noticed a seven-headed hydra
 11666 | D:13     | Killed a two-headed ogre
 11670 | D:13     | Killed a seven-headed hydra
 11671 | D:13     | Reached XP level 13. HP: 85/90 MP: 0/0
 11671 | D:13     | Learned a level 5 spell: Lightning Bolt
 11913 | D:13     | Noticed an eight-headed hydra
 11922 | D:13     | Killed an eight-headed hydra
 11995 | D:13     | Noticed a centaur warrior
 12000 | D:13     | Killed a centaur warrior
 12198 | D:13     | Noticed a boulder beetle
 12204 | D:13     | Killed a boulder beetle
 12205 | D:13     | Noticed an eight-headed hydra
 12209 | D:13     | Killed an eight-headed hydra
 12210 | D:13     | Reached skill level 15 in Spellcasting
 12563 | D:13     | Found a stormy altar of Qazlal.
 12695 | Lair:1   | Entered Level 1 of the Lair of Beasts
 13495 | Lair:2   | Identified the +0 ring mail of the Buccaneer {rC+++}
 14485 | Lair:3   | Reached XP level 14. HP: 56/99 MP: 0/0
 14594 | Lair:3   | Reached skill level 16 in Spellcasting
 15224 | Lair:4   | Found a staircase to the Shoals.
 15370 | Lair:4   | Reached skill level 1 in Armour
 15702 | Lair:4   | Noticed Dobruq's ghost (journeyman OgTm)
 15751 | Lair:4   | Reached skill level 17 in Spellcasting
 15779 | Lair:4   | Noticed a minotaur
 15867 | Lair:4   | Found a hole to the Spider Nest.
 16137 | Lair:4   | Found a runed translucent gate.
 16137 | Lair:4   | Found a runed translucent gate.
 16137 | Lair:4   | Found a runed translucent gate.
 16701 | Lair:5   | Found a staircase to the Slime Pits.
 16926 | Lair:5   | Reached XP level 15. HP: 95/105 MP: 0/0
 16926 | Lair:5   | Learned a level 6 spell: Eringya's Noxious Bog
 17524 | Lair:6   | Entered Level 6 of the Lair of Beasts
 17757 | Lair:6   | Noticed Snorg
 17770 | Lair:6   | Killed Snorg
 17883 | Lair:6   | Reached skill level 18 in Spellcasting
 18730 | Lair:6   | Found a large runed translucent door.
 18730 | Lair:6   | Found a large runed translucent door.
 19493 | Orc:1    | Entered Level 1 of the Orcish Mines
 19685 | Orc:2    | Entered Level 2 of the Orcish Mines
 19724 | Orc:2    | Reached skill level 10 in Fighting
 19927 | D:14     | Shot with an arrow by a centaur warrior

Illustrated notes

Levels and vault maps discovered:
D:1:      psy_arrival_statuary, layout_basic, serial_corexii_hall,
          chequers_hall_statues_corner_a, corexii_hall_statues_i
D:2:      layout_basic, shapermc_ecumenical_altar_gd, chequers_mini_garden,
          uniq_natasha
D:3:      layout_basic, trog_butcher_becter, gammafunk_ghost_arena
D:4:      cheibrodos_helix_gallery, layout_basic, st_stairs_2,
          minmay_joined_circles
D:5:      layout_cave_pods, yredelemnul_altar_generic,
          minmay_temple_entry_glassed_door, uniq_eustachio, uniq_prince_ribbit1
D:6:      layout_basic, grunt_temple_overflow_open
D:7:      layout_rooms, lemuel_crystal_altar
D:8:      layout_loops_corners, mainiacjoe_overflow_six_doors_small,
          serial_shops, nicolae_shop_window_shopping, nicolae_shop_statue_plus,
          chequers_jeans, nrook_uturn, nzn_life_drinkers, uniq_psyche
D:9:      layout_basic, mainiacjoe_overflow_24_doors,
          gammafunk_temple_overflow_statue, disabler_island
D:10:     layout_basic, lemuel_doored_altar, minmay_lair_entry_grove,
          serial_shops, shop, hangedman_fish_farm
D:11:     layout_roguey, serial_shops, shop, kennysheep_opposing_triangles,
          uniq_fannar
D:12:     layout_long_grid, hiddenorc1_lemuel
D:13:     layout_gridville, grunt_qazlal_clouds
D:14:     minmay_tri_box, layout_basic, skrybe_vaults_entry_preservation,
          minmay_misc_feat_rows
Temple:   kb_corrupted_temple
Lair:1:   layout_loops_ring, serial_bayou_shore_a
Lair:2:   layout_gridlike, grunt_megastairs_4
Lair:3:   layout_loops_ring, grunt_forest_stairs_clearing
Lair:4:   layout_roguey, minmay_shoals_entry_centaurs,
          nicolae_spider_entry_non_spiders, maelrawn_ghost_gauntlet_escape
Lair:5:   layout_cave_pods, slime_dummy, serial_forest,
          infiniplex_forest_clump_diagonal, infiniplex_forest_split,
          infiniplex_forest_lined_2, infiniplex_forest_clump_medium,
          infiniplex_forest_straight_2, infiniplex_forest_fountain,
          lemuel_fruit_fields
Lair:6:   cheibrodos_lair_end_hotspot, layout_gridlike, uniq_snorg
Orc:1:    layout_diamond_mine, roderic_batcave, mines3_lemuel
Orc:2:    st_orc_ogre_mass, layout_caves, enter_volcano_1, minmay_orc_keep

Skill      XL: |  1  2  3  4  5  6  7  8  9 10 11 12 13 14 15 |
---------------+----------------------------------------------+-----
Spellcasting   | 3 4 6 7 9 11 12 14 15 17 18 | 18.8
Fighting       | 1 2 3 4 5 6 7 8 9 10 | 10.0
Stealth        | 2 3 4 |  4.3
Polearms       | 1 |  1.4
Dodging        | 3 4 |  4.0
Armour         | 1 2 |  2.6
Maces & Flails | |  0.7

Action                   |  1- 3 |  4- 6 |  7- 9 | 10-12 | 13-15 || total
-------------------------+-------+-------+-------+-------+-------++-------
Melee: Spear             |       |    21 |     1 |     3 |       ||    25
       Whip              |       |       |       |    12 |     2 ||    14
 Cast: Foxfire           |    98 |    61 |   134 |    59 |   199 ||   551
       Scorch            |       |    30 |    57 |    63 |    42 ||   192
       Flame Wave        |       |       |     7 |    37 |    10 ||    54
       Fulminant Prism   |       |       |       |    20 |       ||    20
       Borgnjor's Vile C |       |       |       |    56 |   252 ||   308
       Lightning Bolt    |       |       |       |       |    90 ||    90
       Eringya's Noxious |       |       |       |       |     1 ||     1
Invok: Potion Petition   |       |       |       |       |     1 ||     1
  Use: Scroll            |       |       |     5 |     6 |    10 ||    21
       Potion            |       |       |       |     2 |     5 ||     7
 Stab: Sleeping          |       |     4 |       |     1 |       ||     5
Armor: Robe              |     1 |     5 |     8 |    28 |     1 ||    43
       Ring mail         |       |       |       |       |    12 ||    12
Dodge: Dodged            |    15 |    15 |    33 |    63 |    53 ||   179

Table legend: (Time is in decaauts)
 A = Elapsed time spent in this place.
 B = Non-inter-level travel time spent in this place.
 C = Inter-level travel time spent in this place.
 D = Time resting spent in this place.
 E = Time spent auto-exploring this place.
 F = Levels seen in this place.
 G = Mean time per level.
                   A        B        C        D        E       F      G
               +--------+--------+--------+--------+--------+-----+--------+
         Total |  19956 |  18774 |   1182 |    410 |  15383 |  23 |  867.7 |
       Dungeon |  12896 |  12203 |    693 |    167 |  10186 |  14 |  921.1 |
        Temple |     26 |     13 |     13 |      0 |      6 |   1 |   26.0 |
          Lair |   6728 |   6268 |    460 |    195 |   4995 |   6 | 1121.3 |
  Orcish Mines |    305 |    290 |     15 |     48 |    196 |   2 |  152.5 |
               +--------+--------+--------+--------+--------+-----+--------+

Top non-repeatable levels by time:
  Lair:6: 1771 daAuts
     D:1: 1631 daAuts
     D:2: 1327 daAuts
     D:3: 1283 daAuts
  Lair:4: 1185 daAuts
  Lair:5: 1173 daAuts
    D:13: 1141 daAuts
     D:8: 964 daAuts
    D:11: 931 daAuts
  Lair:2: 928 daAuts
     D:6: 896 daAuts
  Lair:3: 895 daAuts
    D:10: 890 daAuts
    D:12: 852 daAuts
     D:5: 826 daAuts
